 Dungeon Crawl Stone Soup version 0.31.0-32-g396128a36d (webtiles) character file.

Game seed: 14751229559024183055

1149 Deanu the Cleaver (level 8, -1/70 HPs)
             Began as a Minotaur Berserker on Mar 8, 2024.
             Was a Priest of Trog.
             Slain by a vampire (11 damage)
             ... on level 5 of the Dungeon on Mar 10, 2024.
             The game lasted 00:40:30 (5476 turns).

Deanu the Cleaver (Minotaur Berserker)              Turns: 5476, Time: 00:40:30

Health: -1/70      AC:  9    Str: 24    XL:     8   Next: 15%
Magic:  7/7        EV: 11    Int:  4    God:    Trog [***...]
Gold:   403        SH:  7    Dex: 10    Spells: 7/7 levels left

rFire   . . .        a - +1 hand axe
rCold   + . .        v - +0 kite shield
rNeg    . . .        l - +1 ring mail {rC+}
rPois   .            (helmet restricted)
rElec   .            u - +1 cloak
rCorr   +            (no gloves)
SInv    .            (no boots)
Will    +....        D - amulet of the acrobat
Stlth   +            m - ring of resist corrosion
HPRegen 0.31/turn    r - ring of willpower
MPRegen 0.10/turn

%: acrobat
@: no status effects
A: horns 2, retaliatory headbutt
a: Renounce Religion, Berserk, Trog's Hand


You were on level 5 of the Dungeon.
You worshipped Trog.
Trog was most pleased with you.
You visited 1 branch of the dungeon, and saw 5 of its levels.
You also visited: Ossuary.

You collected 403 gold pieces.

Inventory:

Hand Weapons
 a - a +1 hand axe (weapon)
 e - a +0 sling
 i - a +0 war axe of freezing
Missiles
 g - 6 poisoned darts (quivered)
 t - 20 stones
Armour
 h - a +0 leather armour
 j - a +0 chain mail
 l - a +1 ring mail of cold resistance (worn)
 u - a +1 cloak (worn)
 v - a +0 kite shield (worn)
 w - a +0 scale mail of cold resistance
Jewellery
 m - a ring of resist corrosion (left hand)
 r - a ring of willpower (right hand)
 D - an amulet of the acrobat (around neck)
Talismans
 d - a storm talisman
Wands
 z - a wand of flame (22)
 C - a wand of paralysis (13)
Scrolls
 b - 2 scrolls of fear
 f - a scroll of teleportation
 o - a scroll of blinking {unknown}
 s - a scroll of poison {unknown}
 x - 2 scrolls of immolation {unknown}
 y - a scroll of vulnerability {unknown}
 A - a scroll of enchant armour {unknown}
 F - a scroll of brand weapon {unknown}
Potions
 k - 2 potions of enlightenment
 p - 2 potions of mutation
 q - a potion of magic
 B - a potion of might {unknown}
 E - a potion of lignification {unknown}


   Skills:
 + Level 5.9 Fighting
 + Level 8.4 Axes
 + Level 0.3 Throwing
 + Level 5.6 Armour
 + Level 4.8 Dodging
 + Level 0.7 Stealth
 + Level 0.8 Shields


You had 7 spell levels left.
You didn't know any spells.
Your spell library was empty.

Dungeon Overview and Level Annotations

Branches:
Dungeon (5/15)            Ossuary (visited)
 Temple: D:4-7

Altars:
Gozag
Ru
Sif Muna

Shops:
D:4 :

Annotations:
D:5 seawaffle's ghost, amateur FeSh


Innate Abilities, Weirdness & Mutations

You have a pair of horns on your head.
You reflexively headbutt those who attack you in melee.


Message History

Seawaffle's ghost barely misses you.
You see here a +0 orcbow.
Something closely misses you. x2
Seawaffle's ghost completely misses you.
You furiously retaliate!
You headbutt seawaffle's ghost!
Seawaffle's ghost wails, "You will join me soon!"
Seawaffle's ghost attacks as it pursues you!
Seawaffle's ghost hits you but does no damage.
Something hits you.
* * * LOW HITPOINT WARNING * * *
Something bites you but does no damage. You block seawaffle's ghost's attack.
Seawaffle's ghost says, "Missed me!"
Seawaffle's ghost attacks as it pursues you!
Seawaffle's ghost hits you.
* * * LOW HITPOINT WARNING * * *
You hear some strange, mumbled words.
Something tries to affect you, but you resist.
Seawaffle's ghost shrieks, "What do you have that I didn't have?"
Throw: 9 darts (poison)
Press: ? - help, Q - select action, (/) - cycle Shift-Dir - straight line You throw a poisoned dart.
The poisoned dart closely misses seawaffle's ghost.
Something hits you!
* * * LOW HITPOINT WARNING * * *
Something misses you. Something hits you.
* * * LOW HITPOINT WARNING * * *
Something closely misses you.
Throw: 8 darts (poison)
Press: ? - help, Q - select action, (/) - cycle Shift-Dir - straight line You throw a poisoned dart.
The poisoned dart completely misses seawaffle's ghost.
Something completely misses you. Something barely misses you.
Throw: 7 darts (poison)
Press: ? - help, Q - select action, (/) - cycle Shift-Dir - straight line You throw a poisoned dart.
The poisoned dart misses seawaffle's ghost.
Something hits you but does no damage. Something bites you but does no damage.
You barely miss something. Something hits you!
You die...

.........# #.##.#####
##.############## #...).†..#
##.....#.#.#....########....#..##
####....#.#.....(.......(#..#..#!
# #..8.#8#.8....#########..#..'$
# ##...#.#...##.# #.....'$ #
#.###.#.###.#W# #..#..'.
#####.8.###.8.##{# #..#..#.
...#.###.#.###.#@# #..#..##
#..##...#.#...##.# #..#####
##....8.#8#.8....# #.......
##.....#.#.....## ##......
#....#.#.#....# #######
###############


You could see seawaffle's ghost.

Vanquished Creatures
  Eustachio (D:4)
  An ice beast (D:5)
  A centaur (D:5)
  2 ogres
  A scorpion (D:5)
  2 water moccasin zombies (Ossuary)
  A vampire bat (D:3)
  Ijyb (D:5)
  2 iguanas
  2 sleepcaps (D:5)
  A crocodile zombie (Ossuary)
  3 gnolls (D:4)
  11 adders
  2 ufetubi (D:5)
  An adder zombie (Ossuary)
  4 dart slugs
  3 fire bats (D:3)
  A ribbon worm (D:4)
  4 orcs
  2 spectral bats (D:3)
  14 bats
  3 bat skeletons (D:3)
  A bat zombie (D:3)
  6 endoplasms
  3 giant cockroaches
  11 goblins
  3 hobgoblins (D:1)
  4 jackals (D:1)
  5 quokkas
  8 ball pythons
  A bat simulacrum (D:3)
  2 frilled lizards
  2 gnoll zombies (Ossuary)
  8 kobolds
  A quokka zombie (D:4)
  3 rats
  A rat zombie (D:4)
122 creatures vanquished.

Notes
Turn   | Place    | Note
-------+----------+-------------------------------------------
     0 | D:1      | Deanu the Minotaur Berserker began the quest for the Orb.
     0 | D:1      | Reached XP level 1. HP: 19/19 MP: 0/0
   236 | D:1      | Reached XP level 2. HP: 26/27 MP: 1/1
   241 | D:1      | Reached skill level 4 in Axes
   524 | D:1      | Reached XP level 3. HP: 27/33 MP: 2/2
  1216 | D:2      | Reached ** piety under Trog
  1279 | D:2      | Reached skill level 5 in Axes
  1312 | D:2      | Found a sacrificial altar of Ru.
  1395 | D:2      | Reached XP level 4. HP: 40/40 MP: 3/3
  2599 | D:3      | Reached XP level 5. HP: 47/47 MP: 4/4
  2810 | D:3      | Reached skill level 6 in Axes
  3024 | D:4      | Reached XP level 6. HP: 39/53 MP: 5/5
  3037 | D:4      | Reached *** piety under Trog
  3287 | D:4      | Found a sand-covered staircase.
  3302 | Ossuary  | Entered an ossuary
  3533 | D:4      | Noticed Eustachio
  3553 | D:4      | Reached skill level 5 in Fighting
  3553 | D:4      | Reached skill level 7 in Axes
  3553 | D:4      | Reached XP level 7. HP: 24/61 MP: 6/6
  3582 | D:4      | Killed Eustachio
  3609 | D:4      | Found Anwidgh's Book Shoppe.
  3946 | D:5      | Entered Level 5 of the Dungeon
  3990 | D:5      | Noticed Ijyb
  4012 | D:5      | Killed Ijyb
  4311 | D:5      | Found a runed translucent gate.
  4311 | D:5      | Found an opulent altar of Gozag.
  4311 | D:5      | Found a runed translucent gate.
  4312 | D:5      | Found a runed translucent gate.
  4324 | D:5      | Reached skill level 8 in Axes
  4324 | D:5      | Reached skill level 5 in Armour
  4328 | D:5      | Noticed seawaffle's ghost (amateur FeSh)
  4329 | D:5      | Noticed a vampire
  4741 | D:5      | Found a shimmering blue altar of Sif Muna.
  4796 | D:5      | Reached XP level 8. HP: 56/70 MP: 7/7
  5476 | D:5      | Slain by a vampire

Illustrated notes

Levels and vault maps discovered:
D:1:      minmay_arrival_diagonal_passages, layout_basic, minmay_tetromino_o2
D:2:      layout_basic, basic_altar
D:3:      layout_loops_cross, goddamned_bats
D:4:      layout_rooms, enter_ossuary_4, serial_shops,
          nicolae_book_shop_shelving, minmay_misc_feat_enclosed,
          eino_tiny_chamber, minmay_ruptured, uniq_eustachio
D:5:      layout_loops_ring, led_sif_pool, ebering_ghost_gozag,
          nicolae_twisty_statue_hallways, uniq_ijyb

Skill      XL: |  1  2  3  4  5  6  7 |
---------------+----------------------+-----
Axes           | 4 5 6 7 8 |  8.4
Fighting       | 4 5 |  5.9
Armour         | 3 4 5 |  5.6
Dodging        | 3 4 |  4.8
Throwing       | |  0.3
Stealth        | |  0.7
Shields        | |  0.8

Action                     |  1- 3 |  4- 6 |  7- 9 || total
---------------------------+-------+-------+-------++-------
  Melee: Hand axe          |    81 |   170 |   118 ||   369
         Headbutt          |     9 |    27 |    22 ||    58
         Punch             |       |     2 |     2 ||     4
  Throw: Dart              |       |       |     5 ||     5
    Use: Scroll            |     4 |       |     4 ||     8
         Potion            |       |     1 |     3 ||     4
 Armour: Animal skin       |    34 |       |       ||    34
         Leather armour    |    10 |     2 |       ||    12
         Ring mail         |       |   135 |    93 ||   228
  Dodge: Dodged            |    52 |   120 |    72 ||   244
  Block: Kite shield       |       |       |    28 ||    28
